[Event "Asian Amateur-ch Open 2022"]
[Site "Muscat"]
[Date "2022.10.02"]
[Round "1.12"]
[White "Al Balushi, Salim"]
[Black "Mahmoody, M. Sadegh"]
[Result "0-1"]
[ECO "A00"]
[WhiteElo "1374"]
[BlackElo "1914"]
[Annotator "TA"]
[PlyCount "60"]
[EventDate "2022.09.29"]
[EventType "swiss"]
[SourceTitle "playchess.com"]
[Source "ChessBase"]
[SourceQuality "1"]
[TimeControl "5400+30"]

1. d3 d5 2. c3 Nf6 3. Qc2 c5 4. e4 Nc6 5. a4 e5 6. Nf3 {[%emt 0:01:03] A00: Irregular Openings.} Be7 7. Be2 O-O 8. O-O {[%emt 0:00:51] Black is slightly better.} h6 9. Nbd2 {[%emt 0:02:28] [#]} Be6 $146 ({Predecessor:} 9... Qc7 10. Re1 Re8 11. Nf1 Bf8 12. Bd2 Be6 13. b4 Rac8 14. b5 Ne7 15. exd5 Nexd5 {0-1 (36) Melo,S (1770)-Villalba,M (2265) Curitiba 2016}) 10. Re1 Re8 11. Nf1 d4 12. Ng3 Bf8 {[%emt 0:02:05] Black is more active.} 13. Bd2 Na5 ({Better is} 13... b6 $17) 14. c4 ({Reject} 14. Nxe5 Bb3 15. Qc1 Rxe5 $17) (14. cxd4 $11 exd4 15. Bxa5 Qxa5 16. Rf1) 14... Nd7 {[%emt 0:01:51] White is on the road to losing.} 15. Nh4 Nxc4 $1 $19 ({Stronger than} 15... Qxh4 16. Bxa5 Nb8 17. Bd2 $15 (17. Nf5 Qf6 $15)) 16. Nhf5 (16. dxc4 {keeps fighting.} Qxh4 17. b3) 16... Nxd2 17. Qxd2 Qg5 18. Qc2 (18. Nf1 {was worth a try.}) 18... g6 19. h4 Qd8 20. h5 gxf5 21. exf5 Bd5 22. Bd1 Rc8 23. Re4 Bxe4 24. Nxe4 Nf6 {[%emt 0:00:20] Threatens to win with ...Nxe4.} 25. Ng3 (25. Bf3 $142) 25... c4 {[%emt 0:04:44] [#] White must now prevent ...cxd3.} 26. dxc4 e4 27. b3 d3 28. Qd2 Qd4 {[%emt 0:00:39] ( -> ...e3)} 29. Qa2 e3 30. Nf1 Qd7 {[%emt 1:10:30] Weighted Error Value: White=1.11/Black=0.25 (precise)} (30... e2 $142 31. Bxe2 Rxe2 32. Ne3 Rxa2 33. Rf1 Nxh5 34. c5 Bxc5 35. Re1 Qh4 36. g3 {[#]} Qxg3+ $3 37. fxg3 Bxe3+ 38. Rxe3 Rc1+ 39. Re1 Rxe1#) 0-1

[Event "Asian Amateur-ch Open 2022"]
[Site "Muscat"]
[Date "2022.10.02"]
[Round "1.13"]
[White "Shahali, Milad"]
[Black "Alhassan, Meshari"]
[Result "1-0"]
[ECO "B00"]
[WhiteElo "1910"]
[BlackElo "1372"]
[Annotator "TA"]
[PlyCount "69"]
[EventDate "2022.09.29"]
[EventType "swiss"]
[SourceTitle "playchess.com"]
[Source "ChessBase"]
[SourceQuality "1"]
[TimeControl "5400+30"]

1. e4 b6 2. Nc3 Bb7 3. d4 Nf6 4. e5 Nd5 5. Nf3 e6 6. Be2 {[%emt 0:00:14] B00: Queen's Fianchetto Defence, Nimzowitsch Defence.} (6. Ne4 $142) 6... c5 {[%emt 0:03:59] [#]} 7. O-O $146 ({Predecessor:} 7. Nb5 d6 8. Bg5 f6 9. exf6 Nxf6 10. O-O a6 11. Nc3 Be7 12. Qd3 O-O 13. a4 {1-0 (42) Grossner,J (1656)-Pankow,W (1465) Germany 2012}) 7... cxd4 8. Nb5 {[%emt 0:04:54] White is slightly better.} Nc6 9. Nbxd4 Bc5 10. Nb3 Be7 (10... Qc7 $11) 11. c4 $14 Nc7 12. Bd2 O-O 13. Bf4 f6 14. exf6 Bxf6 15. Bd6 Be7 (15... Bxb2 16. Rb1 Bf6 17. Bxf8 Kxf8 18. Nc5 $1 $16 ) 16. Qd2 Bxd6 17. Qxd6 Ne8 18. Qd2 Nf6 19. Rad1 Qe7 20. Nbd4 Rad8 21. Nxc6 dxc6 22. Qe3 c5 23. Ne5 Nd7 (23... Ne4 $14) 24. Nxd7 $16 Rxd7 {[%emt 0:01:52] [#]} 25. Bg4 $1 Rf6 26. Rxd7 Qxd7 27. Rd1 Qe7 28. Qe5 Bc6 29. f4 h6 30. f5 Bd7 31. Bh3 {[%emt 0:01:12] Qc7 is the strong threat. White has more active pieces.} Kf7 $2 {[%emt 0:01:30] A mistake that costs the game.} (31... Qf7 $16 {was necessary.}) 32. Qc7 $18 Ke8 33. Qb8+ (33. fxe6 Bxe6 34. Qc6+ (34. Qb8+ Kf7 $11) 34... Kf7 $18) 33... Qd8 $2 {[%emt 0:02:06] [#]} (33... Kf7 34. Qxa7 Ke8 35. Qa8+ (35. Qxb6 exf5 36. Qb8+ Kf7 $16) (35. fxe6 Bxe6 36. Qxe7+ Kxe7 $18) 35... Kf7) 34. Qxd8+ $1 Kxd8 35. fxe6 {[%emt 0:00:06] Weighted Error Value: White=0.06 (flawless) /Black=0.26 (precise)} 1-0

[Event "Asian Amateur-ch Open 2022"]
[Site "Muscat"]
[Date "2022.10.02"]
[Round "1.14"]
[White "Al Nofli, Mohammed Saif"]
[Black "Dadabaev, Zhanybek"]
[Result "0-1"]
[ECO "D13"]
[WhiteElo "1370"]
[BlackElo "1902"]
[Annotator "TA"]
[PlyCount "80"]
[EventDate "2022.09.29"]
[EventType "swiss"]
[SourceTitle "playchess.com"]
[Source "ChessBase"]
[SourceQuality "1"]
[TimeControl "5400+30"]

1. Nf3 c5 2. c3 Nc6 3. d4 cxd4 4. cxd4 d5 5. g3 Nf6 6. Nc3 e6 7. Bg2 Be7 8. O-O O-O 9. Re1 a6 10. a3 {[%emt 0:02:50] D13: Slav Defence: Exchange variation without ...Bf5.} b5 11. e4 dxe4 12. Nxe4 {[%emt 0:02:01] The position is equal.} Nxe4 13. Rxe4 Bb7 {[%emt 0:00:20] [#]} 14. Bd2 $146 (14. Re3 $15) ({Predecessor:} 14. Bf4 Bf6 15. d5 exd5 16. Re2 Rc8 17. Be5 Bxe5 18. Nxe5 Ne7 19. b4 Qd6 20. Nd3 {½-½ (29) Torosyan,L-Butuc,M Chalkidiki 2003}) 14... Nb4 15. Re3 (15. Ne5 $11 Bxe4 16. Bxe4 Qxd4 17. Bxa8 Qxe5 18. Bc3) 15... Nd5 $15 16. Re5 h6 17. Rc1 Rc8 18. Ne1 {[%emt 0:04:29] Black keeps a firm grip on the game.} Bf6 19. Rh5 (19. Rxc8 $17 Bxc8 20. Rh5) 19... Qb6 20. Be3 (20. Nc2 {is a better defense.}) 20... Nxe3 $19 21. fxe3 Bg5 {[%emt 0:03:08] This bishop pair is nice.} 22. Kf2 Bxg2 23. Nxg2 g6 24. Rh3 Rxc1 25. Qxc1 Qxd4 26. Nf4 $2 (26. exd4 Bxc1 27. g4) 26... Qf6 27. Ke2 Rd8 {[%emt 0:00:25] [#] White must now prevent ...e5.} 28. g4 e5 29. Nd3 Qe6 30. Rg3 Rc8 31. Nc5 Qd5 32. b4 Qa2+ 33. Qd2 Qxa3 34. Qd7 Rd8 {[%emt 0:01:55] [#] Threatens to win with ...Qa2+.} 35. Qc7 Qc1 {[%emt 0:02:46] ( -> ...Qd1+)} 36. Kf3 Qh1+ {[%emt 0:03:57] Black mates.} 37. Rg2 Rd2 38. Qb8+ Kh7 39. Ke4 Qxg2+ 40. Kxe5 Qd5# {[%emt 0:00:14] Weighted Error Value: White=0.93/Black=0.11 (very precise)} 0-1

[Event "Asian Amateur-ch Open 2022"]
[Site "Muscat"]
[Date "2022.10.02"]
[Round "1.15"]
[White "Salim Issa, Ali Shamas"]
[Black "Aubrey Armstrong A"]
[Result "1-0"]
[ECO "E92"]
[WhiteElo "1886"]
[BlackElo "1370"]
[Annotator "NA RC COMBH"]
[PlyCount "101"]
[EventDate "2022.09.29"]
[EventType "swiss"]
[SourceTitle "playchess.com"]
[Source "ChessBase"]
[SourceQuality "1"]
[TimeControl "5400+30"]

1. d4 Nf6 2. c4 g6 3. Nf3 Bg7 4. Nc3 O-O 5. e4 d6 6. Be2 e5 7. dxe5 dxe5 8. Qxd8 Rxd8 9. Bg5 Re8 10. O-O c6 11. Rfd1 Be6 12. c5 Nbd7 13. b4 h6 14. Bh4 g5 15. Bg3 Nh7 16. a3 f5 17. exf5 Bxf5 18. Rac1 Rad8 19. Nd2 Bg6 20. Nde4 Bxe4 21. Nxe4 Bf8 22. Bh5 Re7 23. Bg6 Bg7 24. Rd6 Nhf8 25. Bf5 Rde8 26. Rcd1 Nb8 27. Rd8 Na6 28. Bg4 Nc7 29. Bh5 Rxd8 30. Rxd8 Nce6 31. Ra8 b6 32. cxb6 axb6 33. h4 Rc7 34. Bg4 Kf7 35. Nd6+ Ke7 36. Nf5+ Kf6 37. hxg5+ hxg5 38. Nd6 Ke7 39. Nc8+ Kf7 40. Bh5+ Kf6 41. Nd6 Rd7 42. Ne4+ Kf5 43. f3 Rd1+ 44. Kh2 Nf4 45. Bg4+ Kg6 46. Rc8 Rc1 47. Nd6 Rc3 48. Bf5+ Kh6 49. Be1 Re3 50. Nf7+ Kh5 51. g4# 1-0

[Event "Asian Amateur-ch Open 2022"]
[Site "Muscat"]
[Date "2022.10.02"]
[Round "1.16"]
[White "Al Yahmadi, Anas"]
[Black "Sharaf, Khaleel"]
[Result "0-1"]
[ECO "C12"]
[WhiteElo "1365"]
[BlackElo "1874"]
[Annotator "NA RC COMBH"]
[PlyCount "89"]
[EventDate "2022.09.29"]
[EventType "swiss"]
[SourceTitle "playchess.com"]
[Source "ChessBase"]
[SourceQuality "1"]
[TimeControl "5400+30"]

1. e4 e6 2. Nc3 d5 3. d4 Nf6 4. Bg5 Bb4 5. e5 h6 6. Bd2 Bxc3 7. Bxc3 Ne4 8. Qf3 c5 9. dxc5 Nd7 10. Bb5 Qc7 11. Qe3 O-O 12. Bxd7 Bxd7 13. Nf3 Rfc8 14. Bd4 a5 15. h4 a4 16. c3 Nxc5 17. g4 Ne4 18. h5 a3 19. b3 Qd8 20. g5 Nxg5 21. Nxg5 Qxg5 22. Qxg5 hxg5 23. Rg1 Bb5 24. Rxg5 Bd3 25. Kd2 Be4 26. Rag1 g6 27. f3 Bf5 28. hxg6 fxg6 29. Rc1 b5 30. b4 Rc7 31. Rg2 Rh7 32. Ke3 Kf7 33. Rd1 Rah8 34. Rdd2 Rh3 35. Rgf2 Ke7 36. Kf4 g5+ 37. Ke3 g4 38. Ke2 gxf3+ 39. Rxf3 Bg4 40. Rdd3 Rxf3 41. Rxf3 Rh3 42. Kd2 Bxf3 43. Kc2 Rh2+ 44. Kb3 Bd1+ 45. Kxa3 0-1

[Event "Asian Amateur-ch Open 2022"]
[Site "Muscat"]
[Date "2022.10.02"]
[Round "1.17"]
[White "Bagheri, Majid"]
[Black "Al Rashdi, Mohammed"]
[Result "1-0"]
[ECO "C54"]
[WhiteElo "1870"]
[BlackElo "1322"]
[Annotator "NA RC COMBH"]
[PlyCount "107"]
[EventDate "2022.09.29"]
[EventType "swiss"]
[SourceTitle "playchess.com"]
[Source "ChessBase"]
[SourceQuality "1"]
[TimeControl "5400+30"]

1. e4 e5 2. Nf3 Nc6 3. Bc4 Bc5 4. c3 Nf6 5. d3 O-O 6. Bb3 d6 7. Bg5 h6 8. Bh4 Bg4 9. h3 Be6 10. Bc2 d5 11. Nbd2 dxe4 12. Nxe4 Be7 13. Bxf6 Bxf6 14. Nc5 Qe7 15. Nxe6 Qxe6 16. O-O Qd6 17. Re1 a6 18. Qe2 Rfe8 19. Rad1 g6 20. a3 b5 21. Bb3 Re7 22. Qe4 Rae8 23. Qxg6+ Bg7 24. Qg4 Kh8 25. Nh4 Rg8 26. Nf5 Qf6 27. Nxe7 Nxe7 28. Qf3 Nf5 29. g4 Nh4 30. Qxf6 Bxf6 31. Bxf7 Nf3+ 32. Kf1 Rf8 33. Re3 Nd2+ 34. Rxd2 Bg5 35. Rde2 Bxe3 36. Rxe3 Rxf7 37. Rxe5 Kg7 38. Ke2 Kg6 39. Ke3 Rf6 40. f4 Rc6 41. d4 Rd6 42. d5 Kf6 43. h4 c6 44. g5+ hxg5 45. hxg5+ Kf7 46. Kd4 cxd5 47. f5 Rc6 48. Rxd5 Rc4+ 49. Ke5 Rg4 50. g6+ Ke7 51. f6+ Ke8 52. f7+ Ke7 53. Rd7+ Kxd7 54. f8=Q 1-0

[Event "Asian Amateur-ch Open 2022"]
[Site "Muscat"]
[Date "2022.10.02"]
[Round "1.18"]
[White "Al Rahbi, Ahmed Badar"]
[Black "Hayabik, Husain"]
[Result "1/2-1/2"]
[ECO "E24"]
[WhiteElo "1321"]
[BlackElo "1828"]
[Annotator "NA RC COMBH"]
[PlyCount "52"]
[EventDate "2022.09.29"]
[EventType "swiss"]
[SourceTitle "playchess.com"]
[Source "ChessBase"]
[SourceQuality "1"]
[TimeControl "5400+30"]

1. d4 Nf6 2. c4 e6 3. Nc3 Bb4 4. a3 Bxc3+ 5. bxc3 d5 6. Bg5 h6 7. Bh4 c5 8. cxd5 Qa5 9. Rc1 Nxd5 10. dxc5 Nc6 11. Qb3 Qxc5 12. e3 O-O 13. c4 Nb6 14. Nf3 Qa5+ 15. Nd2 g5 16. Bg3 Rd8 17. Bd3 Na4 18. Qc2 Nc5 19. Bh7+ Kg7 20. Rd1 f5 21. h4 g4 22. Qb2+ Kxh7 23. Qf6 Ne4 24. Qf7+ Kh8 25. Bc7 Qxd2+ 26. Rxd2 Rxd2 1/2-1/2

[Event "Asian Amateur-ch Open 2022"]
[Site "Muscat"]
[Date "2022.10.02"]
[Round "1.19"]
[White "Gabdushev, Arman"]
[Black "Al Shereiqi, Nasir"]
[Result "1-0"]
[ECO "B14"]
[WhiteElo "1827"]
[BlackElo "1305"]
[Annotator "NA RC COMBH"]
[PlyCount "102"]
[EventDate "2022.09.29"]
[EventType "swiss"]
[SourceTitle "playchess.com"]
[Source "ChessBase"]
[SourceQuality "1"]
[TimeControl "5400+30"]

1. e4 c6 2. d4 d5 3. exd5 cxd5 4. c4 Nf6 5. Nc3 e6 6. Nf3 Bb4 7. Bf4 O-O 8. a3 Bxc3+ 9. bxc3 Qa5 10. Qb3 Ne4 11. Qb4 Nc6 12. Qxa5 Nxa5 13. cxd5 exd5 14. Rc1 Be6 15. Bd3 Nc4 16. Bxc4 dxc4 17. Nd2 Nxd2 18. Kxd2 Bf5 19. f3 Rfe8 20. Rce1 a6 21. g4 Bd3 22. a4 b5 23. a5 Rac8 24. Rxe8+ Rxe8 25. Re1 Rxe1 26. Kxe1 f5 27. g5 g6 28. Be5 Kf7 29. d5 Ke7 30. Kd2 Kd7 31. Ke3 Bf1 32. Kf2 Bd3 33. Ke3 Bf1 34. f4 Bg2 35. Kd4 Be4 36. Kc5 Bf3 37. d6 Bb7 38. Kb6 Bc8 39. h3 Kd8 40. Kc6 Bd7+ 41. Kc5 Bc8 42. Bf6+ Kd7 43. Bd4 Bb7 44. Kb6 Bc8 45. Bc5 Ke8 46. Kc7 Bd7 47. Kb7 Kd8 48. Kxa6 Bc6 49. Kb6 Kd7 50. a6 Bd5 51. Kxb5 Be4 1-0

[Event "Asian Amateur-ch Open 2022"]
[Site "Muscat"]
[Date "2022.10.02"]
[Round "1.20"]
[White "Ghaith Saeed Alnuaimi"]
[Black "Al Ansi Amin"]
[Result "1/2-1/2"]
[ECO "E06"]
[WhiteElo "1269"]
[BlackElo "1806"]
[Annotator "NA RC COMBH"]
[PlyCount "56"]
[EventDate "2022.09.29"]
[EventType "swiss"]
[SourceTitle "playchess.com"]
[Source "ChessBase"]
[SourceQuality "1"]
[TimeControl "5400+30"]

1. d4 Nf6 2. c4 e6 3. Nf3 d5 4. g3 Be7 5. Bg2 O-O 6. Qc2 b6 7. cxd5 exd5 8. Ne5 Bb7 9. O-O h6 10. Rd1 Re8 11. Bf4 Bd6 12. h4 c5 13. e3 Na6 14. a3 Nc7 15. Nc3 cxd4 16. exd4 Ne6 17. Qd2 Nxf4 18. Qxf4 Qe7 19. Re1 a6 20. Qd2 Qc7 21. Rac1 Qd8 22. Re2 Rc8 23. Rce1 Qc7 24. Bh3 Rcd8 25. Bg2 Rc8 26. Bh3 Rcd8 27. Bg2 Rc8 28. Bh3 Rcd8 1/2-1/2

[Event "Asian Amateur-ch Open 2022"]
[Site "Muscat"]
[Date "2022.10.02"]
[Round "1.21"]
[White "Nadeem Aziz"]
[Black "Salem Muhsan Shuaib"]
[Result "1-0"]
[ECO "D30"]
[WhiteElo "1797"]
[BlackElo "1227"]
[Annotator "NA RC COMBH"]
[PlyCount "67"]
[EventDate "2022.09.29"]
[EventType "swiss"]
[SourceTitle "playchess.com"]
[Source "ChessBase"]
[SourceQuality "1"]
[TimeControl "5400+30"]

1. d4 d5 2. Nf3 Nf6 3. c4 e6 4. Bg5 Be7 5. Nbd2 O-O 6. e3 c5 7. Be2 cxd4 8. exd4 Nc6 9. O-O b6 10. Rc1 Bb7 11. a3 a5 12. h3 h6 13. Bf4 Rc8 14. Be3 Re8 15. Qb3 dxc4 16. Nxc4 Nd5 17. Nce5 Bf6 18. Bb5 Bxe5 19. Nxe5 Qd6 20. Qa4 Nde7 21. Nc4 Qc7 22. Nxb6 Rcd8 23. Nc4 Qb8 24. Nxa5 Rc8 25. Nxb7 Qxb7 26. Qa6 Qxa6 27. Bxa6 Rc7 28. Bb5 Rec8 29. Rc5 Nd8 30. Rfc1 Rxc5 31. dxc5 Ndc6 32. b4 Na7 33. Ba6 Rc6 34. b5 1-0

[Event "Asian Amateur-ch Open 2022"]
[Site "Muscat"]
[Date "2022.10.02"]
[Round "1.22"]
[White "Al-qudaimi abdullah"]
[Black "Shreyas Seshadri Nallore"]
[Result "0-1"]
[ECO "D02"]
[WhiteElo "1223"]
[BlackElo "1791"]
[Annotator "NA RC COMBH"]
[PlyCount "84"]
[EventDate "2022.09.29"]
[EventType "swiss"]
[SourceTitle "playchess.com"]
[Source "ChessBase"]
[SourceQuality "1"]
[TimeControl "5400+30"]

1. d4 Nf6 2. Nf3 d5 3. g3 e6 4. Bg2 Bd6 5. Bg5 c6 6. Nbd2 h6 7. Bxf6 Qxf6 8. e4 dxe4 9. Nxe4 Qe7 10. Nxd6+ Qxd6 11. O-O Nd7 12. c4 O-O 13. c5 Qc7 14. Re1 b6 15. Ne5 Nxe5 16. Rxe5 Rd8 17. b4 Bb7 18. Qg4 Rd7 19. Rh5 Rad8 20. Rd1 e5 21. d5 cxd5 22. cxb6 Qxb6 23. Rxe5 Rd6 24. Qd4 Qxd4 25. Rxd4 Kf8 26. a4 f6 27. Re2 a6 28. Rc2 Bc6 29. a5 Bb5 30. Bf1 Bxf1 31. Kxf1 Ke7 32. Rc7+ R8d7 33. Rxd7+ Rxd7 34. Ke2 Kd6 35. f4 Re7+ 36. Kf3 f5 37. h3 Re4 38. Rd2 Rxb4 39. Ra2 Rb3+ 40. Kf2 d4 41. g4 Rxh3 42. gxf5 Rh2+ 0-1

[Event "Asian Amateur-ch Open 2022"]
[Site "Muscat"]
[Date "2022.10.02"]
[Round "1.23"]
[White "Ferzli, Dany Michael"]
[Black "Hari Vardan Satheeskumar"]
[Result "1-0"]
[ECO "E01"]
[WhiteElo "1789"]
[BlackElo "1209"]
[Annotator "NA RC COMBH"]
[PlyCount "145"]
[EventDate "2022.09.29"]
[EventType "swiss"]
[SourceTitle "playchess.com"]
[Source "ChessBase"]
[SourceQuality "1"]
[TimeControl "5400+30"]

1. d4 d5 2. c4 e6 3. Nf3 Nf6 4. g3 Nc6 5. Bg2 Bd6 6. O-O O-O 7. Nc3 a6 8. Bg5 Be7 9. Re1 h6 10. Bxf6 Bxf6 11. e3 Re8 12. a3 Na5 13. cxd5 exd5 14. Nd2 Be6 15. Qc2 Rc8 16. b4 Nc6 17. Rad1 Ne7 18. Nb3 Bf5 19. Qa2 c6 20. h3 Bh7 21. Rc1 Nf5 22. a4 Nd6 23. b5 Ra8 24. bxc6 bxc6 25. Bf1 a5 26. Nc5 h5 27. Nb1 h4 28. g4 Be7 29. Nd3 f5 30. Rxc6 Ne4 31. Nf4 fxg4 32. Nxd5 Kh8 33. Rec1 Rf8 34. Nf4 Qe8 35. Qe6 Ng5 36. Qxg4 Bxb1 37. Rxb1 Qxc6 38. Bg2 Qc2 39. Qh5+ Kg8 40. Bd5+ Nf7 41. Rb7 Qh7 42. Qxh7+ Kxh7 43. Rxe7 Nh6 44. Bxa8 Rxa8 45. Re5 Nf7 46. Rh5+ Kg8 47. Ng6 Nh6 48. Nxh4 Kf7 49. Nf3 Kg6 50. Rc5 Kh7 51. e4 g5 52. Nxg5+ Kh8 53. Rc7 Ra6 54. Nf7+ Kg7 55. Nxh6+ Kxh6 56. e5 Rg6+ 57. Kf1 Kh5 58. d5 Kh4 59. Rh7+ Kg5 60. d6 Kf5 61. Re7 Rh6 62. d7 Rxh3 63. d8=Q Rh5 64. Qd7+ Kg5 65. Rg7+ Kf4 66. Qg4+ Kxe5 67. Qxh5+ Kd4 68. Rg3 Ke4 69. Qh4+ Kf5 70. Rg5+ Kf6 71. Qh6+ Kf7 72. Rg7+ Kf8 73. Qh8# 1-0

[Event "Asian Amateur-ch Open 2022"]
[Site "Muscat"]
[Date "2022.10.02"]
[Round "1.24"]
[White "Izaan Shafeek"]
[Black "Al Abdali, Zeyad Saleh"]
[Result "0-1"]
[ECO "A70"]
[WhiteElo "1167"]
[BlackElo "1780"]
[Annotator "NA RC COMBH"]
[PlyCount "74"]
[EventDate "2022.09.29"]
[EventType "swiss"]
[SourceTitle "playchess.com"]
[Source "ChessBase"]
[SourceQuality "1"]
[TimeControl "5400+30"]

1. d4 Nf6 2. c4 c5 3. d5 e6 4. Nc3 exd5 5. cxd5 d6 6. e4 g6 7. Nf3 Bg7 8. Bd3 O-O 9. O-O a6 10. Re1 Bg4 11. h3 Bxf3 12. Qxf3 Qc7 13. Bg5 Nbd7 14. Qe2 b5 15. Rac1 Rfe8 16. Qc2 c4 17. Bf1 Nc5 18. Nb1 Nfxe4 19. Bf4 Nf6 20. Qd2 Nce4 21. Qc2 Nc5 22. Qd2 Nfd7 23. Bh6 Bh8 24. h4 Nf6 25. f3 Nfd7 26. Rxe8+ Rxe8 27. Re1 Qc8 28. h5 Nf6 29. hxg6 hxg6 30. g4 Rxe1 31. Qxe1 Nxd5 32. Qg3 Qe6 33. Qh4 Bf6 34. Bg5 Bxg5 35. Qxg5 Qe3+ 36. Qxe3 Nxe3 37. Bh3 Nd1 0-1

[Event "Asian Amateur-ch Open 2022"]
[Site "Muscat"]
[Date "2022.10.02"]
[Round "1.25"]
[White "Sharma Pankaj"]
[Black "Atharv Bansal"]
[Result "1-0"]
[ECO "A25"]
[WhiteElo "1764"]
[BlackElo "1164"]
[Annotator "NA RC COMBH"]
[PlyCount "97"]
[EventDate "2022.09.29"]
[EventType "swiss"]
[SourceTitle "playchess.com"]
[Source "ChessBase"]
[SourceQuality "1"]
[TimeControl "5400+30"]

1. c4 e5 2. Nc3 Nc6 3. g3 Nf6 4. Bg2 Bc5 5. e3 d6 6. Nge2 Bf5 7. d3 Nb4 8. e4 Bg6 9. a3 Nc6 10. b4 Bb6 11. Na4 Bd4 12. Nxd4 Nxd4 13. O-O b6 14. Be3 c5 15. Nc3 O-O 16. h3 Nd7 17. f4 h6 18. f5 Bh7 19. Ra2 Nc6 20. b5 Nd4 21. Raf2 a6 22. f6 Bg6 23. fxg7 Kxg7 24. a4 axb5 25. axb5 h5 26. Nd5 Kh7 27. h4 Ra3 28. Bh3 Kh8 29. Bxd4 exd4 30. Bxd7 Qxd7 31. Qc1 Kg7 32. Qxa3 Qg4 33. Rf3 f5 34. exf5 Rxf5 35. Kg2 Re5 36. Nf4 Bf5 37. Qa7+ Kg8 38. Qb8+ Bc8 39. Qxd6 Re8 40. Qd5+ Kh8 41. Qxh5+ Qxh5 42. Nxh5 Bb7 43. Kh3 Bxf3 44. Rxf3 Re1 45. g4 Re2 46. g5 Kh7 47. Rf7+ Kg8 48. g6 Re3+ 49. Kg4 1-0

[Event "Asian Amateur-ch Open 2022"]
[Site "Muscat"]
[Date "2022.10.02"]
[Round "1.26"]
[White "Ahmed Younes Alkhemeiri"]
[Black "Said Ahmed Ali Jidal Fadhil"]
[Result "0-1"]
[ECO "B13"]
[WhiteElo "1139"]
[BlackElo "1755"]
[Annotator "NA RC COMBH"]
[PlyCount "51"]
[EventDate "2022.09.29"]
[EventType "swiss"]
[SourceTitle "playchess.com"]
[Source "ChessBase"]
[SourceQuality "1"]
[TimeControl "5400+30"]

1. e4 c6 2. d4 d5 3. exd5 cxd5 4. Nf3 Bg4 5. Nc3 Nf6 6. Be3 e6 7. h3 Bh5 8. a3 a6 9. Be2 Bd6 10. Bg5 h6 11. Bh4 g5 12. Bg3 Bxg3 13. fxg3 Qd6 14. g4 Qg3+ 15. Kf1 Bxg4 16. hxg4 Nxg4 17. Bb5+ axb5 18. Qe2 Nc6 19. Nxb5 O-O 20. Qd2 f6 21. Re1 Rae8 22. b4 e5 23. dxe5 fxe5 24. Qxd5+ Kg7 25. Qc5 Nd4 26. Ra1 0-1

[Event "Asian Amateur-ch Open 2022"]
[Site "Muscat"]
[Date "2022.10.02"]
[Round "1.27"]
[White "Jaradat, Othman"]
[Black "Mohamed Yousuf Al-Ali"]
[Result "1-0"]
[ECO "C50"]
[WhiteElo "1751"]
[BlackElo "1133"]
[Annotator "NA RC COMBH"]
[PlyCount "57"]
[EventDate "2022.09.29"]
[EventType "swiss"]
[SourceTitle "playchess.com"]
[Source "ChessBase"]
[SourceQuality "1"]
[TimeControl "5400+30"]

1. e4 e5 2. Nf3 Nc6 3. Bc4 Bc5 4. d4 Nxd4 5. Nxe5 Qf6 6. Nd3 Bb6 7. O-O Ne7 8. e5 Qg6 9. Kh1 O-O 10. c3 Ndc6 11. f4 Na5 12. Bb5 c6 13. Ba4 Nf5 14. g4 d5 15. gxf5 Bxf5 16. Nf2 Bxf2 17. Rxf2 Bxb1 18. Rxb1 Qe4+ 19. Rg2 Qxb1 20. Bc2 Qa1 21. f5 Rae8 22. f6 g6 23. Qd2 Rxe5 24. Qh6 Qxc1+ 25. Qxc1 Rh5 26. Rg5 Rh4 27. Qg1 Kh8 28. Qc5 Re8 29. Qxa5 1-0

[Event "Asian Amateur-ch Open 2022"]
[Site "Muscat"]
[Date "2022.10.02"]
[Round "1.28"]
[White "Sinan Shafeek"]
[Black "Krishanu Sai"]
[Result "0-1"]
[ECO "B90"]
[WhiteElo "1099"]
[BlackElo "1748"]
[Annotator "NA RC COMBH"]
[PlyCount "102"]
[EventDate "2022.09.29"]
[EventType "swiss"]
[SourceTitle "playchess.com"]
[Source "ChessBase"]
[SourceQuality "1"]
[TimeControl "5400+30"]

1. e4 c5 2. Nf3 d6 3. d4 cxd4 4. Nxd4 Nf6 5. Nc3 a6 6. f3 e5 7. Nb3 Be6 8. Be3 Nc6 9. Qd2 Nb8 10. Nd5 Bxd5 11. exd5 Nbd7 12. O-O-O h5 13. Kb1 Be7 14. Be2 Rc8 15. Rhe1 Nb6 16. Bxb6 Qxb6 17. f4 Nd7 18. Bf3 g6 19. g3 Kf8 20. Bg2 Bf6 21. Bh3 Qc7 22. Bxd7 Qxd7 23. fxe5 Bxe5 24. Qb4 Kg7 25. Na5 Rc7 26. Nc4 Qf5 27. Ne3 Qh3 28. Qd2 Rhc8 29. Re2 Qd7 30. Qb4 Rc5 31. a4 a5 32. Qa3 b5 33. axb5 Rxb5 34. b3 a4 35. Qxa4 Qb7 36. c4 Rxb3+ 37. Kc2 Rb2+ 38. Kd3 Ra8 39. Rxb2 Bxb2 40. Qc2 Ra3+ 41. Ke2 Bf6 42. Rd3 Ra5 43. Rb3 Qa7 44. Qd3 Ra2+ 45. Kf3 Rxh2 46. Ra3 Qe7 47. Rb3 Be5 48. Nf1 Qf6+ 49. Ke4 Qf5+ 50. Ke3 Qf2+ 51. Ke4 f5# 0-1

[Event "Asian Amateur-ch Open 2022"]
[Site "Muscat"]
[Date "2022.10.02"]
[Round "1.29"]
[White "Srivatsan Karthikeyan"]
[Black "Ali Rashed Alqemzi"]
[Result "1-0"]
[ECO "B12"]
[WhiteElo "1711"]
[BlackElo "1097"]
[Annotator "NA RC COMBH"]
[PlyCount "53"]
[EventDate "2022.09.29"]
[EventType "swiss"]
[SourceTitle "playchess.com"]
[Source "ChessBase"]
[SourceQuality "1"]
[TimeControl "5400+30"]

1. e4 c6 2. d4 d5 3. e5 Bf5 4. Nc3 e6 5. g4 Bg6 6. Nge2 h6 7. Nf4 Bh7 8. h4 Be7 9. h5 Bg5 10. Bd3 Bxd3 11. Qxd3 Ne7 12. Nxe6 fxe6 13. f4 Bxf4 14. Bxf4 Qb6 15. O-O-O Nd7 16. Bg3 O-O-O 17. Bh4 Rde8 18. Rhf1 Rhg8 19. Rf7 g5 20. Bg3 Rgf8 21. Rdf1 Rxf7 22. Rxf7 Nf8 23. Na4 Qa5 24. Qa3 Qd8 25. Nc5 Kb8 26. Be1 a6 27. Qb3 1-0

[Event "Asian Amateur-ch Open 2022"]
[Site "Muscat"]
[Date "2022.10.02"]
[Round "1.30"]
[White "Al Bulushi, Omar"]
[Black "Ranjith, R.k."]
[Result "0-1"]
[ECO "B45"]
[WhiteElo "1095"]
[BlackElo "1706"]
[Annotator "NA RC COMBH"]
[PlyCount "56"]
[EventDate "2022.09.29"]
[EventType "swiss"]
[SourceTitle "playchess.com"]
[Source "ChessBase"]
[SourceQuality "1"]
[TimeControl "5400+30"]

1. e4 c5 2. d4 e6 3. Nf3 cxd4 4. Nxd4 Nf6 5. Nc3 Nc6 6. Bg5 Bb4 7. Nxc6 bxc6 8. e5 Qa5 9. Qd4 Nd5 10. Bd2 Nxc3 11. Bxc3 Bxc3+ 12. Qxc3 Qb6 13. Bd3 Rb8 14. Rb1 O-O 15. O-O f6 16. b3 a5 17. Rfe1 fxe5 18. Re3 d6 19. Be4 d5 20. Bxh7+ Kxh7 21. Qxe5 Rf6 22. Rf1 Ba6 23. Rd1 Rbf8 24. c4 Rxf2 25. Rh3+ Kg8 26. Qxe6+ R2f7+ 27. Re3 dxc4 28. bxc4 Bxc4 0-1